Cogmind - Beta 15 @@@ ROGUE MODE // 2025.07.06 @ 10:47:08 Player: SuperSwiss Result: Smashed by cave-in Performance ------------- Evolutions (2) 1000 Regions Visited (8) 1600 Robots Destroyed (117) 585 Value Destroyed (4590) 4590 Prototype IDs (33) 660 Alien Tech Used (0) 0 Bonus (2211) 2211 TOTAL SCORE: 10646 Bonus ------- High Alert Combat Kills 847 Follower Combat Kills 164 Entered Garrisons 400 Used RIF Installer 500 Aligned with FarCom 300 Cogmind --------- Core Integrity 0/550 Matter 140/500 Energy 100/100 System Corruption 7% Temperature Cool (0) Movement Treading (970) Ox10 Location -8/Garrison Parts ------- > --- POWER (1) -------- (None) > --- PROPULSION (3) --- Armored Treads > --- UTILITY (5) ------ Humpback High-capacity Matter Pod PSU Rigger > --- WEAPON (2) ------- Assault Cannon > --- INVENTORY (35) --- Light Nuclear Core Relay Coupler [NC] (29) Relay Coupler [NC] (29) Relay Coupler [NC] (24) Relay Coupler [Swarmer] (28) Relay Coupler [Grunt] (24) Relay Coupler [Grunt] (27) Relay Coupler [Grunt] (29) Relay Coupler [Grunt] (27) Relay Coupler [Sentry] (23) Relay Coupler [Sentry] (22) Relay Coupler [Sentry] (18) Relay Coupler [Specialist] (18) Relay Coupler [Heavy] (13) Heavy Assault Rifle Heavy Assault Rifle Improved Assault Rifle Gauss Rifle Chainsword Tiamat Bomb Trap Tiamat Bomb Trap Tiamat Bomb Trap Tiamat Bomb Trap Peak State ------------ > --- POWER ------------ Nuclear Core > --- PROPULSION ------- Armored Treads Armored Treads Advanced Treads > --- UTILITY ---------- Improved Heat Sink Huge Storage Unit Medium Armor Plating Hardened Medium Armor Plating Medium Reactive Plating > --- WEAPON ----------- Improved Assault Rifle Chainsword > --- INVENTORY -------- Light Deuterium Engine Light Deuterium Engine Compact Wheel Armored Wheel Armored Wheel Armored Wheel Armored Wheel Small Storage Unit Humpback High-capacity Matter Pod Weight Redist. System Improved Terrain Scanner Light Armor Plating Medium Armor Plating Hardened Medium Armor Plating PSU Rigger Shock Rifle Heavy EM Shotgun Improved Medium Laser Gauss Rifle Assault Cannon Assault Cannon Missile Launcher [Rating: 38] Favorites ----------- Power Nuclear Core Engine Ion Engine Power Core Nuclear Core Propulsion Armored Wheel Treads Armored Treads Wheel Armored Wheel Utility Hardened Medium Armor Plating Device Improved Heat Sink Storage Humpback Hackware Hacking Suite Protection Hardened Medium Armor Plating Weapon Gauss Rifle Energy Gun Shock Rifle Ballistic Gun Gauss Rifle Ballistic Cannon Assault Cannon Launcher Missile Launcher Special Weapon Mining Laser Slashing Weapon Chainsword Build | -11 -10 -10 -10 -9 -8 -8 -8 -8 ------- Run | Yrd Mat Min Exi Min Mat Gar Mat Gar Slots Evolved 4 | . . . . . 4 . . . Power . | . . . . . . . . . Propulsion 1 | . . . . . 1 . . . Utility 3 | . . . . . 3 . . . Weapon . | . . . . . . . . . Parts Attached 67 | 7 9 . 3 2 34 6 . 6 Power 5 | 1 . . . . 2 . . 2 Engine 4 | 1 . . . . 1 . . 2 Core 1 | . . . . . 1 . . . Reactor . | . . . . . . . . . Propulsion 18 | 2 1 . 1 2 8 3 . 1 Treads 4 | 1 . . . . 3 . . . Leg . | . . . . . . . . . Wheel 14 | 1 1 . 1 2 5 3 . 1 Hover . | . . . . . . . . . Flight . | . . . . . . . . . Utility 20 | 2 3 . 1 . 10 1 . 3 Device 6 | 1 . . . . 3 . . 2 Storage 4 | 1 . . 1 . 1 . . 1 Processor . | . . . . . . . . . Hackware 1 | . . . . . 1 . . . Protection 9 | . 3 . . . 5 1 . . Artifact . | . . . . . . . . . Weapon 24 | 2 5 . 1 . 14 2 . . Energy Gun 8 | 1 1 . . . 6 . . . Energy Cannon . | . . . . . . . . . Ballistic Gun 10 | 1 3 . 1 . 3 2 . . Ballistic Cannon 2 | . . . . . 2 . . . Launcher 1 | . . . . . 1 . . . Special Weapon 1 | . 1 . . . . . . . Impact Weapon . | . . . . . . . . . Slashing Weapon 2 | . . . . . 2 . . . Piercing Weapon . | . . . . . . . . . Special Melee Weapon . | . . . . . . . . . Unidentified Prototypes 4 | . . . . . 4 . . . Parts Lost 30 | . 2 . . 2 5 5 . 16 Power 4 | . . . . . 1 . . 3 Propulsion 10 | . 1 . . 1 1 1 . 6 Utility 8 | . . . . . 1 3 . 4 Weapon 8 | . 1 . . 1 2 1 . 3 Highest Loss Streak 9 | . 1 . . 2 3 1 . 9 To Critical Strikes 1 | . . . . . 1 . . . Average Backups 20 | 4 7 7 8 9 20 25 28 26 Power 1 | . 1 1 1 1 2 2 2 2 Propulsion 4 | 2 2 2 1 2 5 3 3 2 Utility 9 | . 1 2 3 5 7 12 17 13 Weapon 5 | 1 1 2 2 1 5 6 6 6 Tool/Special . | . . . . . . . . . Unused Backups 27 | . . . 1 . 5 3 1 17 Power 7 | . . . . . 4 . . 3 Propulsion 1 | . . . . . 1 . . . Utility 16 | . . . . . . 2 1 13 Weapon 3 | . . . 1 . . 1 . 1 Tool/Special . | . . . . . . . . . Average Slot Usage (%) 90 | . 99 100 88 76 94 90 90 80 Engine 6 | . 14 14 14 14 4 . . 8 Core 3 | . . . . . 3 9 9 . Treads 6 | . 14 14 3 . 4 6 . 8 Wheel 20 | . 13 14 24 19 22 20 27 17 Device 6 | . 6 9 3 . 6 1 . 16 Storage 10 | . 14 14 14 14 8 9 9 10 Hackware 1 | . . . . . 4 . . . Protection 15 | . 6 5 . . 21 26 27 1 Energy Gun 2 | . 8 . . . 3 1 . . Ballistic Gun 10 | . 19 14 14 27 6 10 9 12 Ballistic Cannon 2 | . . . . . 6 . . . Special Weapon 1 | . . 14 13 . 1 . . . Slashing Weapon 1 | . . . . . . 4 9 1 Peak Build Rating 38 | 7 7 7 10 8 38 37 34 38 Average Rating 27 | 5 6 7 7 7 29 34 34 36 On Entrance 15 | . 7 7 7 8 8 35 34 34 Naked Turns . | . . . . . . . . . Heaviest Build 252 | 13 17 16 209 209 223 252 244 245 Greatest Support 62 | 20 20 16 26 32 62 40 40 40 Greatest Overweight (x) 20 | 1 4 . 12 20 10 10 6 17 Average Overweight (x) 4 | . . . 4 11 4 7 6 8 Largest Inventory Capacity 35 | 8 8 8 35 35 35 35 35 35 Average Capacity 28 | 7 8 8 28 35 27 33 35 35 Most Carried 35 | 6 8 7 12 10 25 35 35 35 Average Carried 23 | 4 7 7 9 9 21 33 34 31 Final Capacity 35 | 8 8 8 35 35 25 35 35 35 Final Carried 35 | 6 7 7 10 10 25 35 35 23 Class Distribution -------------------- 47% | Hauler-Mutant 38% | Mutant 9% | Hauler-Skirmisher 3% | Skirmisher Dominant Class ---------------- Mutant | -10/Materials Mutant | -10/Mines Hauler-Mutant | -10/Exiles Hauler-Mutant | -9/Mines Mutant | -8/Materials Hauler-Mutant | -8/Garrison Hauler-Mutant | -8/Materials Hauler-Mutant | -8/Garrison Resources | -11 -10 -10 -10 -9 -8 -8 -8 -8 ----------- Run | Yrd Mat Min Exi Min Mat Gar Mat Gar Matter Collected 3498 | 285 275 . 86 320 1495 615 6 416 Remotely . | . . . . . . . . . Salvage Created 3636 | 160 379 . . 463 1464 533 80 557 Parts 194 | 9 26 . . 18 69 30 3 39 Haulers Intercepted 4 | . . . . . 4 . . . Recyclers Shooed 5 | . 1 . . 3 1 . . . Parts Field Recycled . | . . . . . . . . . Retrieved Matter . | . . . . . . . . . Parts Self-Destructed . | . . . . . . . . . Prevented . | . . . . . . . . . Kills | -11 -10 -10 -10 -9 -8 -8 -8 -8 ------- Run | Yrd Mat Min Exi Min Mat Gar Mat Gar Combat Hostiles Destroyed 96 | . 11 . . 6 31 21 . 27 Melee 2 | . . . . . 1 . . 1 Guns 56 | . 11 . . 6 18 12 . 9 Cannons 10 | . . . . . 9 . . 1 AOE 27 | . . . . . 3 9 . 15 Classes Destroyed 14 | 2 2 . . . 9 . . 1 Worker 1 | . . . . . 1 . . . Builder 2 | . . . . . 2 . . . Tunneler 5 | 5 . . . . . . . . Hauler 4 | . . . . . 4 . . . Recycler 8 | 1 . . . 4 2 . 1 . Operator 1 | . . . . . 1 . . . Swarmer 36 | . 3 . . 3 9 10 . 11 Grunt 42 | . 8 . . 3 10 10 . 11 Brawler 1 | . . . . . 1 . . . Duelist 1 | . . . . . 1 . . . Sentry 8 | . . . . . 7 1 . . Specialist 2 | . . . . . 2 . . . Hunter 3 | . . . . . 1 . . 2 Programmer 3 | . . . . . . . . 3 Best Kill Streak 7 | 3 3 . . 6 3 7 1 4 Combat Bots Only 7 | . 3 . . 5 3 7 . 4 Max Kills in Single Turn 4 | 1 1 . . 1 2 4 1 3 Gunslinging . | . . . . . . . . . Exploded 4 | . . . . . 1 4 . 3 Melee 1 | . . . . . 1 . . 1 Uniques/NPCs Destroyed . | . . . . . . . . . Combat | -11 -10 -10 -10 -9 -8 -8 -8 -8 -------- Run | Yrd Mat Min Exi Min Mat Gar Mat Gar Hostile Shots Fired 502 | . 57 . . 40 163 66 7 169 Missed 105 | . 10 . . 9 30 23 2 31 Hits 397 | . 47 . . 31 133 43 5 138 Melee 1 | . . . . . 1 . . . Projectile 396 | . 47 . . 31 132 43 5 138 Critical Strikes 16 | . 1 . . 2 9 2 . 2 Damage Taken 5760 | . 531 . . 368 1994 664 54 2149 Core 737 | . 117 . . 50 190 . 11 369 Absorbed by Shields . | . . . . . . . . . Ignored by Resistances 372 | . . . . . 121 50 18 183 Regen/Repaired (Parts) 1208 | . . . . . 1208 . . . Core Remaining (%) 66 | 100 . . . 33 . . . . Volleys Fired 327 | 15 39 . . 34 133 42 3 61 Largest 2 | 2 2 . . 2 2 2 1 2 Hottest 117 | 60 100 . . 40 117 73 25 64 Shots Fired 579 | 30 76 . . 68 234 74 3 94 Gun 430 | 30 74 . . 68 121 61 3 73 Cannon 106 | . . . . . 95 5 . 6 Launcher 26 | . . . . . 3 8 . 15 Special 17 | . 2 . . . 15 . . . Kinetic 457 | 15 49 . . 68 187 56 3 79 Thermal 72 | 15 27 . . . 30 . . . Explosive 26 | . . . . . 3 8 . 15 Electromagnetic 24 | . . . . . 14 10 . . Robot Hit Streak 13 | 11 12 . . 13 11 7 1 9 Robot Miss Streak 10 | 2 2 . . 5 10 2 3 6 Penetration Max 1 | . . . . . 1 . . . Secondary Targets 3 | . . . . . 2 1 . . Max Gunslinging Chain 1 | . . . . . 1 1 . . Shots Hit Robots 368 | 22 53 . . 47 132 43 3 68 Core Hits 204 | 10 23 . . 15 61 36 . 59 Critical Kills 2 | . . . . . . 2 . . Critical Parts Destroyed 2 | . . . . 1 1 . . . Critical Strikes 10 | . 2 . . 1 4 2 . 1 Burn 3 | . 2 . . . 1 . . . Destroy 4 | . . . . 1 1 2 . . Blast 1 | . . . . . 1 . . . Sever 2 | . . . . . 1 . . 1 Melee Attacks 35 | . . . . . 5 14 1 15 Impact . | . . . . . . . . . Slashing 35 | . . . . . 5 14 1 15 Piercing . | . . . . . . . . . Sneak Attacks 4 | . . . . . 2 . 1 1 Combat Hostiles 1 | . . . . . . . . 1 Follow-up Attacks . | . . . . . . . . . Damage Inflicted 9034 | 213 600 . . 619 3308 1558 107 2629 Guns 4341 | 213 600 . . 619 1376 722 29 782 Cannons 1441 | . . . . . 1316 48 . 77 Explosions 2604 | . . . . . 394 788 . 1422 Melee 648 | . . . . . 222 . 78 348 Ramming . | . . . . . . . . . Kinetic 4924 | 81 360 . . 619 2336 640 29 859 Thermal 542 | 132 240 . . . 170 . . . Explosive 2604 | . . . . . 394 788 . 1422 Electromagnetic 316 | . . . . . 186 130 . . Impact . | . . . . . . . . . Slashing 648 | . . . . . 222 . 78 348 Piercing . | . . . . . . . . . Highest Corruption 7 | . . . . . . . . 7 Average Corruption 4 | . . . . . . . . 4 Corruption Purged . | . . . . . . . . . Corruption Blocked . | . . . . . . . . . Effects 47 | . . . . . . . . 47 Message Errors 11 | . . . . . . . . 11 Matter Fused 9 | . . . . . . . . 9 Heat Flow Errors 9 | . . . . . . . . 9 Energy Discharges 7 | . . . . . . . . 7 Data Loss (minor) 7 | . . . . . . . . 7 Data Loss (major) 3 | . . . . . . . . 3 Alerts 1 | . . . . . . . . 1 Overload Shots . | . . . . . . . . . Overflow Damage 192 | . . . . . 90 52 38 12 Projectiles 59 | . . . . . 59 . . . Explosions 63 | . . . . . . 52 . 11 Melee 70 | . . . . . 31 . 38 1 Knockbacks 12 | . . . . . 10 . . 2 Impact . | . . . . . . . . . Kinetic 9 | . . . . . 8 . . 1 Secondary 3 | . . . . . 2 . . 1 Self-Inflicted Damage 178 | . . . . . . 22 . 156 Shots 6 | . . . . . . 1 . 5 Rammed . | . . . . . . . . . Targets Rammed . | . . . . . . . . . Kicked . | . . . . . . . . . Crushed . | . . . . . . . . . Highest Temperature 627 | 60 323 . . 48 627 267 4 242 Average Temperature 120 | 25 112 . . 23 160 58 2 63 Received Heat Transfer 2025 | . 258 . . 192 828 279 9 459 Effects 35 | . . . . . 35 . . . Shutdowns 3 | . . . . . 3 . . . Energy Bleed 7 | . . . . . 7 . . . Interference 4 | . . . . . 4 . . . Matter Decay 4 | . . . . . 4 . . . Short Circuit 3 | . . . . . 3 . . . Damage (minor) 6 | . . . . . 6 . . . Damage (major) 7 | . . . . . 7 . . . Damage (core) 1 | . . . . . 1 . . . Siege Activations . | . . . . . . . . . Martial Activations . | . . . . . . . . . Shielding Activations . | . . . . . . . . . Robots Disrupted . | . . . . . . . . . Combat Hostiles . | . . . . . . . . . Robots Corrupted . | . . . . . . . . . Combat Hostiles . | . . . . . . . . . Parts Fried 2 | . . . . . 1 1 . . Impact Corruptions . | . . . . . . . . . Robots Melted . | . . . . . . . . . Combat Hostiles . | . . . . . . . . . Parts Melted 1 | . 1 . . . . . . . Heat Transferred 1546 | 300 839 . . . 407 . . . Parts Sabotaged . | . . . . . . . . . Parts Stolen . | . . . . . . . . . Parts Stripped . | . . . . . . . . . Power Chain Reactions . | . . . . . . . . . Alert | -11 -10 -10 -10 -9 -8 -8 -8 -8 ------- Run | Yrd Mat Min Exi Min Mat Gar Mat Gar Maximum Alert Level 5 | . . . . . 2 5 3 4 Low Security (%) 30 | 100 100 100 . 100 39 . . . Level 1 23 | . . . . . 50 7 . . Level 2 8 | . . . . . 10 16 . 2 Level 3 21 | . . . . . . 32 100 64 Level 4 14 | . . . . . . 37 . 33 Level 5 1 | . . . . . . 5 . . High Security . | . . . . . . . . . Max Security . | . . . . . . . . . Peak Influence 1654 | 10 139 20 . 110 571 1654 857 1585 Initial 806 | . . 20 . . 17 364 806 547 Average 533 | 2 48 4 . 67 217 992 794 1011 Influence Increases 4367 | 30 389 . . 175 1078 1340 127 1228 Destroy 0b10 Robot/C 2060 | . 220 . . 120 620 460 60 580 Destroy 0b10 Robot/NC 105 | 30 . . . 20 50 . 5 . Destroy Leader 298 | . 40 . . 20 178 20 20 20 Allied During Kill 110 | . . . . . . 25 22 63 Trap Triggered on 0b10 40 | . . . . . . 20 . 20 Successful Hack 146 | . 66 . . . 47 28 5 . Disable Machine 150 | . . . . . 90 30 15 15 Anti-Garrison Action 900 | . . . . . . 500 . 400 Destroy Structure 273 | . 3 . . . 48 107 . 115 Partial Spotted 15 | . . . . . 15 . . . Lose Combat Pursuer 270 | . 60 . . 15 30 150 . 15 Influence Decreases 2812 | 30 336 53 . 130 563 246 938 516 Entered New Map 1401 | . . 33 . . 28 196 848 296 Time Decay 1039 | 30 316 20 . 120 463 . 90 . Lost Part 290 | . 20 . . 10 50 50 . 160 Lost Ally 60 | . . . . . . . . 60 Purge Threat 22 | . . . . . 22 . . . Squads Dispatched 11 | . 1 . . . 9 . 1 . Investigation 2 | . 1 . . . 1 . . . Extermination . | . . . . . . . . . Reinforcement 4 | . . . . . 4 . . . Assault 1 | . . . . . 1 . . . Garrison 4 | . . . . . 3 . 1 . Intercept . | . . . . . . . . . Searches Triggered . | . . . . . . . . . Construction Impeded . | . . . . . . . . . Haulers Reinforced . | . . . . . . . . . Active Scanning Responses . | . . . . . . . . . Cargo Convoy Interrupts . | . . . . . . . . . Stealth | -11 -10 -10 -10 -9 -8 -8 -8 -8 --------- Run | Yrd Mat Min Exi Min Mat Gar Mat Gar Distress Signals 8 | . 2 . . . 5 . 1 . Communications Jammed . | . . . . . . . . . Distress Signals . | . . . . . . . . . Times Spotted 147 | . 20 . . 7 64 27 3 26 Peak Tracking Total 7 | . 5 . . 3 7 7 2 7 Tactical Retreats 14 | . 2 . . 1 2 8 . 1 Traps | -11 -10 -10 -10 -9 -8 -8 -8 -8 ------- Run | Yrd Mat Min Exi Min Mat Gar Mat Gar Traps Triggered 21 | . 4 . . . 2 5 . 10 Indirectly . | . . . . . . . . . Trap Hack Attempts . | . . . . . . . . . Triggered . | . . . . . . . . . Disarmed . | . . . . . . . . . Reprogrammed . | . . . . . . . . . Reused 4 | . . . . . . 2 . 2 Traps Extracted . | . . . . . . . . . Installed 5 | . . . . . . 2 . 3 Triggered 4 | . . . . . . 2 . 2 Most Traps Carried 10 | . . . . . . 10 7 7 Objects Rigged 3 | . . . . . . . . 3 Time Bombs Activated 2 | . . . . . . . . 2 Exploded 1 | . . . . . . . . 1 Machines | -11 -10 -10 -10 -9 -8 -8 -8 -8 ---------- Run | Yrd Mat Min Exi Min Mat Gar Mat Gar Machines Disabled 16 | . . . . . 6 6 1 3 Max in Single Turn 2 | . . . . . 2 1 1 2 Garrison Relay 6 | . . . . . . 4 . 2 Machines Repaired . | . . . . . . . . . Machines Dismantled . | . . . . . . . . . Machines Sabotaged . | . . . . . . . . . Overloaded Fab Kills . | . . . . . . . . . Hacking | -11 -10 -10 -10 -9 -8 -8 -8 -8 --------- Run | Yrd Mat Min Exi Min Mat Gar Mat Gar Machines Accessed 29 | . 7 . 1 . 14 3 2 2 Terminals 24 | . 7 . . . 11 3 1 2 Fabricators . | . . . . . . . . . Repair Stations 2 | . . . . . 2 . . . Recycling Units . | . . . . . . . . . Scanalyzers . | . . . . . . . . . Garrison Access 2 | . . . . . 1 . 1 . Total Hacks 83 | . 22 . 1 . 46 5 3 6 Successful 50 | . 13 . 1 . 31 3 2 . Failed 32 | . 8 . . . 15 2 1 6 Catastrophic 7 | . 1 . . . 5 . . 1 Database Lockouts 1 | . 1 . . . . . . . Manual 41 | . 19 . 1 . 20 . 1 . Terminals 67 | . 22 . . . 32 5 2 6 Fabricators . | . . . . . . . . . Repair Stations 13 | . . . . . 13 . . . Recycling Units . | . . . . . . . . . Scanalyzers . | . . . . . . . . . Garrison Access 2 | . . . . . 1 . 1 . Terminal Hacks 19 | . 6 . 1 . 9 3 . . Robot Analysis 4 | . 3 . . . 1 . . . Prototype ID Bank 4 | . 2 . . . 2 . . . Open Door 1 | . . . . . . 1 . . Emergency Access Points 1 | . . . . . . 1 . . Unreport Threat 2 | . . . . . 2 . . . Recall Reinforcements 1 | . . . . . 1 . . . Hauler Manifests 2 | . 1 . . . 1 . . . Registered Components 1 | . . . . . 1 . . . Zone Layout 1 | . . . . . 1 . . . Garrison Registry 1 | . . . . . . 1 . . Proto ID Catalog 1 | . . . 1 . . . . . Fabricator Hacks . | . . . . . . . . . Repair Station Hacks 13 | . . . . . 13 . . . Scan Component 7 | . . . . . 7 . . . Repair 6 | . . . . . 6 . . . Recycling Unit Hacks . | . . . . . . . . . Scanalyzer . | . . . . . . . . . Garrison Access Hacks 2 | . . . . . 1 . 1 . Unlock Access 2 | . . . . . 1 . 1 . Unauthorized Hacks 16 | . 7 . . . 8 . 1 . Terminals 16 | . 7 . . . 8 . 1 . Botnet 16 | . 7 . . . 8 . 1 . Fabricators . | . . . . . . . . . Repair Stations . | . . . . . . . . . Recycling Units . | . . . . . . . . . Scanalyzers . | . . . . . . . . . Garrison Access . | . . . . . . . . . Data Cores Recovered . | . . . . . . . . . Used . | . . . . . . . . . Hacking Detections 23 | . 6 . . . 12 2 1 2 Full Trace Events 2 | . . . . . . . . 2 Feedback Events . | . . . . . . . . . Feedback Blocked . | . . . . . . . . . Robot Schematics Acquired . | . . . . . . . . . Robots Built . | . . . . . . . . . Authchips . | . . . . . . . . . Time . | . . . . . . . . . Total Robot Build Rating . | . . . . . . . . . Part Schematics Acquired . | . . . . . . . . . Parts Built . | . . . . . . . . . Authchips . | . . . . . . . . . Time . | . . . . . . . . . Total Part Build Rating . | . . . . . . . . . Parts Repaired 6 | . . . . . 6 . . . Time 204 | . . . . . 204 . . . Parts Recycled . | . . . . . . . . . Recycled Matter . | . . . . . . . . . Retrieved Matter . | . . . . . . . . . Retrieved Components . | . . . . . . . . . Parts Scanalyzed . | . . . . . . . . . Part Schematics Acquired . | . . . . . . . . . Parts Damaged . | . . . . . . . . . Bothacking | -11 -10 -10 -10 -9 -8 -8 -8 -8 ------------ Run | Yrd Mat Min Exi Min Mat Gar Mat Gar Used RIF Installer 1 | . . . . . . 1 . . Robots Hacked . | . . . . . . . . . Non-combat . | . . . . . . . . . Combat . | . . . . . . . . . Robot Hacks Applied . | . . . . . . . . . Relay Couplers Released 26 | . . . . . . 18 . 8 Machine Destruction 26 | . . . . . . 18 . 8 Fabnet Peak Effective % . | . . . . . . . . . Robots Rewired 3 | . . . . . . 3 . . Allies Hacked . | . . . . . . . . . Hacks Repelled . | . . . . . . . . . Allies | -11 -10 -10 -10 -9 -8 -8 -8 -8 -------- Run | Yrd Mat Min Exi Min Mat Gar Mat Gar Total Allies 3 | . . . . . . 3 . . Largest Group 3 | . . . . . . 3 3 3 Highest-Rated Group 76 | . . . . . . 76 76 76 Highest-Rated Ally 31 | . . . . . . 31 31 31 Total Orders 5 | . . . . . . 4 . 1 STAY 3 | . . . . . . 2 . 1 FOLLOW 2 | . . . . . . 2 . . Ally Attacks 36 | . . . . . . 10 15 11 Total Damage 596 | . . . . . . 211 189 196 Kills 7 | . . . . . . 2 3 2 Allies Corrupted 1 | . . . . . . . . 1 Allies Melted . | . . . . . . . . . Intel | -11 -10 -10 -10 -9 -8 -8 -8 -8 ------- Run | Yrd Mat Min Exi Min Mat Gar Mat Gar Active Infowar (turns) 2275 | 23 424 84 161 . 1583 . . . Terrain 1583 | . . . . . 1583 . . . Seismic 692 | 23 424 84 161 . . . . . Robot Analysis Total 4 | . 3 . . . 1 . . . Derelict Logs Recovered 3 | . . 1 . 2 . . . . Drone Launches . | . . . . . . . . . Drone Recoveries . | . . . . . . . . . Exploration | -11 -10 -10 -10 -9 -8 -8 -8 -8 ------------- Run | Yrd Mat Min Exi Min Mat Gar Mat Gar Turns Passed 11010 | 174 844 134 704 247 4391 2227 195 2094 Spaces Moved 5207 | 123 599 133 433 51 2106 953 101 708 Core 8 | 6 2 . . . . . . . Treads 51 | 4 31 . . . 15 . . 1 Legs . | . . . . . . . . . Wheels 5148 | 113 566 133 433 51 2091 953 101 707 Hover . | . . . . . . . . . Flight . | . . . . . . . . . Fastest Speed 50 | 50 95 100 100 190 120 168 183 168 Average Speed 165 | 93 103 100 160 263 157 202 183 214 Slowest Speed 970 | 160 250 100 280 380 321 240 183 970 Overloaded Moves . | . . . . . . . . . Propulsion Burnouts . | . . . . . . . . . Robots Hopped . | . . . . . . . . . Potential Cave-ins 1 | . . . . . . . . 1 Cave-ins Triggered 3 | . . . . . . . . 3 Exploration Rate (%) 55 | 5 95 34 76 14 94 93 15 71 Regions Visited 8 Branch Regions 3 Pre-discovered Areas . | . . . . . . . . . Known Exits Taken 3 | . . . . 1 1 . 1 . Unknown Exits Taken 4 | 1 1 1 1 . . . . . Scrap Searched . | . . . . . . . . . Spaces Dug 18 | . 2 . . . 15 . . 1 Terrain Destroyed 195 | . 2 . . . 44 49 . 100 Melee 1 | . . . . . . . . 1 Projectile 40 | . 2 . . . 34 1 . 3 AOE 154 | . . . . . 10 48 . 96 Terrain Rammed . | . . . . . . . . . Walls Destroyed . | . . . . . . . . . Machines Disabled . | . . . . . . . . . Actions | -11 -10 -10 -10 -9 -8 -8 -8 -8 --------- Run | Yrd Mat Min Exi Min Mat Gar Mat Gar Total 6889 | 150 739 133 444 95 2903 1154 107 1164 Wait 887 | . 71 . . 7 511 39 . 259 Move 5201 | 122 598 132 432 50 2106 952 101 708 Hop . | . . . . . . . . . Pick Up 108 | 6 3 . 6 1 58 29 1 4 Fast Attach 36 | 7 10 . 1 1 16 1 . . Attach 34 | . 2 . . 1 13 6 . 12 Detach 8 | . . . . . 6 1 . 1 Swap 78 | . 12 1 2 1 34 17 . 11 Drop 49 | . 4 . 3 . 21 15 1 5 Fire 327 | 15 39 . . 34 133 42 3 61 Melee 35 | . . . . . 5 14 1 15 Ram . | . . . . . . . . . Kick . | . . . . . . . . . Crush . | . . . . . . . . . Escape Stasis 104 | . . . . . . 24 . 80 Rewire 12 | . . . . . . 12 . . Trap 10 | . . . . . . 2 . 8 Miscellaneous . | . . . . . . . . . Route ------- -11/Scrapyard -10/Materials (discovered 4 exits: [*Mat x3] / [*Min]) -10/Mines -10/Exiles -9/Mines (discovered 2 exits: *Mat x2) -8/Materials (discovered 3 exits: [*Fac x2] / Gar) -8/Garrison (discovered 3 exits: *Mat x3) -8/Materials -8/Garrison (discovered 3 exits: [*Fac x3]) History --------- Turn | Location | Event 31 | -11/Scrapyard | Discovered new exit (range 15) 175 | -11/Scrapyard | Entered Materials 283 | -10/Materials | Discovered new exit (range 15) 306 | -10/Materials | Build established: Mutant 433 | -10/Materials | Discovered new exit (range 16) 508 | -10/Materials | Discovered new exit (range 10) 802 | -10/Materials | Central database locked down 828 | -10/Materials | Discovered new exit (range 16) 1019 | -10/Materials | Entered Mines 1035 | -10/Mines | Learned Materials terminal intel 1149 | -10/Mines | Deemed a non-threat by the Exiles lab entrance 1149 | -10/Mines | Discovered new exit (range 5) 1153 | -10/Mines | Entered Exiles 1178 | -10/Exiles | Met 8R-AWN 1195 | -10/Exiles | Met EX-HEX 1224 | -10/Exiles | Met EX-BIN 1235 | -10/Exiles | Aligned with FarCom system 1236 | -10/Exiles | Given EX-Vault access code 1264 | -10/Exiles | Met EX-DEC 1507 | -10/Exiles | Opened EX-Vault 1517 | -10/Exiles | Found AWS/Autocannon 1556 | -10/Exiles | Found PSU Rigger 1592 | -10/Exiles | Warned to stay clear of 0b10 Research branches 1608 | -10/Exiles | Build established: Hauler-Mutant 1706 | -10/Exiles | Visited The Gauntlet 1832 | -10/Exiles | Discovered new exit (range 14) 1857 | -10/Exiles | Left Exiles lab with PSU Rigger 1857 | -10/Exiles | Entered Mines 1860 | -9/Mines | Core integrity fell below 50% 2069 | -9/Mines | Discovered new exit (range 12) 2077 | -9/Mines | Identified exit to Materials 2104 | -9/Mines | Entered Materials 2104 | -8/Materials | Evolved 4 slots: Propulsion x1, Utility x3 2105 | -8/Materials | Loaded intel: 12 terminal locations 2591 | -8/Materials | Build established: Hauler-Skirmisher 2759 | -8/Materials | Discovered new exit (range 12) 3729 | -8/Materials | Build established: Skirmisher 3873 | -8/Materials | Garrison activated, responded to threat 3911 | -8/Materials | Lost 3 parts (1p1u1w) 4099 | -8/Materials | Discovered new exit (range 16) 4172 | -8/Materials | Build established: Mutant 4508 | -8/Materials | Repaired Gauss Rifle 5161 | -8/Materials | Repaired Assault Cannon 5189 | -8/Materials | Repaired Huge Storage Unit 5310 | -8/Materials | Repaired Humpback 5722 | -8/Materials | Repaired Med. Armor Plating 5761 | -8/Materials | Repaired Hrd. Medium Armor Plating 6104 | -8/Materials | First assault squad dispatched 6495 | -8/Materials | Identified exit to Garrison 6495 | -8/Materials | Entered Garrison 6594 | -8/Garrison | Triggered checkpoint 6673 | -8/Garrison | Garrison Relay disabled 7009 | -8/Garrison | Triggered checkpoint 7055 | -8/Garrison | Destroyed 7 combat bots 7091 | -8/Garrison | Build established: Hauler-Mutant 7185 | -8/Garrison | Installed Relay Interface Framework 7194 | -8/Garrison | Discovered new exit (range 13) 7407 | -8/Garrison | Triggered checkpoint 7440 | -8/Garrison | Garrison Relay disabled 7565 | -8/Garrison | Triggered checkpoint 7813 | -8/Garrison | Discovered new exit (range 10) 7845 | -8/Garrison | Triggered checkpoint 7869 | -8/Garrison | Garrison Relay disabled 8195 | -8/Garrison | Discovered new exit (range 13) 8249 | -8/Garrison | Triggered checkpoint 8336 | -8/Garrison | Discovered new exit (range 7) 8336 | -8/Garrison | Discovered new exit (range 73) 8336 | -8/Garrison | Discovered new exit (range 61) 8345 | -8/Garrison | Garrison Relay disabled 8722 | -8/Garrison | Entered Materials 8722 | -8/Materials | Accompanied by 3 allies 8866 | -8/Materials | Garrison activated, responded to threat 8917 | -8/Materials | Identified exit to Garrison 8917 | -8/Materials | Entered Garrison 8917 | -8/Garrison | Accompanied by 3 allies 9024 | -8/Garrison | Core integrity fell below 50% 9042 | -8/Garrison | Lost 5 parts (1p1n3u) 9453 | -8/Garrison | Triggered checkpoint 9559 | -8/Garrison | Triggered checkpoint 9629 | -8/Garrison | Discovered new exit (range 10) 9673 | -8/Garrison | Triggered checkpoint 10314 | -8/Garrison | Triggered checkpoint 10460 | -8/Garrison | Discovered new exit (range 12) 10745 | -8/Garrison | Triggered checkpoint 10861 | -8/Garrison | Discovered new exit (range 14) 10939 | -8/Garrison | Garrison Relay disabled 10939 | -8/Garrison | Garrison Relay disabled 10943 | -8/Garrison | Core integrity fell below 20% 10973 | -8/Garrison | Crushed by falling debris 10987 | -8/Garrison | Crushed by falling debris 11012 | -8/Garrison | Crushed by falling debris 11012 | -8/Garrison | Smashed by cave-in Last Messages --------------- 10978_ G-47 Trooper Imp. Heat Sink severed. 10981_ Arm. Wheel destroyed. 10983_ Destroyed Particle Gun. 10987_ The unstable cave ceiling collapses. 10987_ Crushed by falling debris. 10987_ Com. Wheel destroyed. 10987_ System corrupted by crushing effect (+1). 10989_ G-47 Trooper knocked back. 10993_ G-47 Trooper destroyed. 10995_ System corrupted: Matter fused (-6). 10996_ The unstable cave ceiling collapses. 10996_ Imp. Heat Sink crushed. 10999_ The unstable cave ceiling collapses. 10999_ Particle Gun crushed. 11007_ The unstable cave ceiling collapses. 11007_ G-50 Soldier crushed by falling debris. 11007_ Imp. Heat Sink crushed. 11010_ System corrupted: Component data lost. 11012_ The unstable cave ceiling collapses. 11012_ Crushed by falling debris. Map ----- +----------------------------------------------------+ | ????????????????????????#####???????????# | | ????????????????????????????????????????# | | ????????????????????????????????????????# | | ????????????????????????????????????????# | | ????????????????????????????????????????### ## | | ????????????????????????????????########### ## | | ????????????????????????????????# | | ????????????????????????????????# | | ????????????????????????????????# | | ????????????????????????????????# ############ | | ????????????????????????????????# #??????????# | | ????????????????????????????????# #??????????# | | ??????????????????????????# ???# #??????????? | | ?????????????????????????? ???# #??????????? | | ?????????????????????????? ???# #??????????? | | ?????????????????????????? #??# #??????????? | | ??????????????????????????# #??# ^ #??????????? | | ??????????????????????????# #??# ^^#??????????? | | ??????????????????????????# #??# #??????????? | | ??????????????????????????# #??# #??????????? | | ??????????????????????????# #??# #??????????? | | ?????????????######???????" #??# #??????????? | | ????????######"""""???????" #??# #??????????? | | ????????? "######?" #??# #??????????? | | ???????#####" ###### #??# #??????????? | | ???????#"" """"" ! ##@### #### #??????????? | | ???????#"" [%*% g### #??????????? | | ???????#"" ^ %% % #??????????? | | ???????#"" ^ ! = %########## #??????????? | | ???????#"" """" # #???????# #??????????? | | ???????#####" !!!!! ## #???????# #??????????? | | ?????????? !!###?##???????# #??????????? | | ?????????#####"""""?????????????# #??????????? | | ?????????????######?????????????# #??????????? | | ????????????????????????????????# #??????????? | | ????????????????????????????????# #??????????? | | ????????????????????????????????# #??????????? | | ????????????????????????????????# g #??????????? | | ????????????????????????????????# #??????????? | | ????????????????????????????????# #??????????? | | ???????????????????????????????? #??????????? | | ????????????????????????????????< #??????????? | | ???????????????????????????????? #??????????? | | ????????????????????????????????#####??????????? | | ???????????????????????????????????????????????? | | ???????????????????????????????????????????????? | | ???????????????????????????????????????????????? | | ???????????????????????????????????????????????? | | ???????????????????????????????????????????????? | | ???????????????????????????????????????????????? | +----------------------------------------------------+ Best States ------------- Heat Dissipation 45 Energy Generation 14 Energy Capacity 275 Matter Stores 300 Matter Capacity 500 Sight Range 16 Terrain Scan Range 16 Terrain Scan Density 10 Additional Mass Support 6 Armor Coverage 675 Resistance: KI 30 Evasion (%) 41 Recoil Reduction 3 Offensive Hacking 10 Item Schematics ----------------- None Robot Schematics ------------------ None Fabricated ------------ Nothing Repaired ---------- Gauss Rifle | 32% | -8/Materials Assault Cannon | 18% | -8/Materials Huge Storage Unit | 18% | -8/Materials Humpback | 60% | -8/Materials Med. Armor Plating | 3% | -8/Materials Hrd. Medium Armor Plating | 5% | -8/Materials Alien Tech Used ----------------- None Achievements -------------- None Challenges ------------ None Game ------ Seed GrapheneAblativeDissipator Manual? 0 Play Time 02:00:44 Cumulative 116.1 hours Start 2025.07.05 @ 20:04:17 End 2025.07.06 @ 10:47:08 Sessions 3 Manual Loads 0 Difficulty Rogue Special Mode None Game No. 95 Rogue 92 Adventurer 0 Explorer 3 Win Type - Total 1 Types 1/0/0/0/0/0/0/0/0/0 Lore% 24 Gallery% 46 Achievement% 44 Wizard Run 0 Options --------- Layout 0 ASCII 0 Keyboard 0 Movement Numpad Keybinds 0 Fullscreen 2 Font 16/SmallcapsGlow Map View 88x55 Zoom Use 0% Tactical HUD 1 Map Filters NONE Filters NONE Steam 1 RUN: 40f12412-c933-435d-a29e-45db121a4485